Map: Pillars of Gold LE

Players

Probe

  • Race: Protoss Protoss
  • League: Master
  • Spawn Location: 7:00

LiquidClem (Clem) - Winner!

  • Race: Terran Terran
  • League: Bronze
  • Spawn Location: 1:00

Event: DreamHack SC2 Masters 2020 Fall

VOD

Have the link to the VOD?

Description

Time

  • Played on: Sept. 17, 2020, 11:16 a.m.
  • Length: 9:17

All games in this series

Show
View Real Time Build Order
Export as new Build Order

Probe Protoss 

Build Orders: 1 Gate Expand, Blink Stalkers 

Get SALT Encoding   

  12  0:00  Probe  
  13  0:12  Probe  
  14  0:19  Pylon  
  14  0:24  Probe (Chrono Boost)  
  15  0:37  Probe (Chrono Boost)  
  15  0:39  Gateway  
  16  0:45  Probe (Chrono Boost)  
  16  0:47  Assimilator  
  17  0:51  Probe  
  18  1:03  Probe  
  19  1:15  Probe  
  20  1:26  Cybernetics Core  
  20  1:35  Nexus  
  20  1:38  Probe  
  21  1:46  Pylon  
  21  1:50  Probe  
  22  1:56  Assimilator  
  22  2:02  Adept (Chrono Boost), Probe  
  25  2:12  Shield Battery  
  24  2:16  Probe  
  24  2:19  Warp Gate  
  25  2:24  Stalker (Chrono Boost)  
  27  2:30  Probe  
  28  2:39  Twilight Council  
  29  2:44  Probe (Chrono Boost)  
  29  2:49  Probe (Chrono Boost)  
  30  2:58  Probe x2 (Chrono Boost)  
  32  3:03  Probe (Chrono Boost)  
  33  3:06  Probe  
  33  3:07  Stalker  
  36  3:15  Probe  
  36  3:18  Probe  
  38  3:24  Blink (Chrono Boost)  
  38  3:27  Probe  
  38  3:30  Probe  
  40  3:39  Probe  
  40  3:40  Gateway  
  41  3:42  Gateway, Probe  
  40  3:51  Probe  
  40  3:52  Robotics Facility  
  40  3:54  Probe  
  42  3:59  Pylon  
  42  4:03  Probe  
  42  4:07  Probe  
  42  4:08  Stalker  
  45  4:15  Probe  
  45  4:19  Probe  
  45  4:20  Pylon  
  45  4:21  Assimilator x2  
  46  4:28  Probe  
  46  4:31  Probe  
  48  4:34  Stalker  
  48  4:35  Stalker  
  52  4:40  Observer, Probe  
  52  4:43  Probe  
  52  4:44  Dark Shrine  
  55  4:49  Stalker  
  55  4:52  Probe  
  58  4:53  Pylon  
  58  4:55  Probe  
  58  4:58  Warp Prism (Chrono Boost)  
  59  5:04  Probe  
  59  5:07  Shield Battery  
  62  5:14  Forge  
  62  5:17  Stalker  
  62  5:21  Sentry  
  66  5:26  Pylon  
  66  5:27  Observer  
  67  5:31  Probe x2  
  67  5:34  Charge (Chrono Boost)  
  69  5:42  Protoss Ground Armor Level 1 (Chrono Boost)  
  69  5:46  Nexus, Pylon  
  69  5:54  Sentry  
  71  6:03  Gateway  
  71  6:04  Gateway  
  71  6:05  Gateway, Probe x2  
  71  6:10  Shield Battery  
  73  6:19  Immortal  
  77  6:26  Dark Templar x2  
  77  6:28  Dark Templar  
  83  6:34  Probe  
  84  6:43  Pylon  
  84  6:44  Pylon  
  84  6:45  Pylon  
  84  6:55  Immortal (Chrono Boost)  
  84  7:00  Probe x3  
  91  7:02  Zealot x2, Sentry  
  97  7:12  Probe x3  
  98  7:19  Shield Battery  
  98  7:20  Stalker x2  
  98  7:21  Stalker  
  102  7:24  Probe  
  102  7:25  Probe  
  104  7:30  Dark Templar x2  
  104  7:31  Probe  
  104  7:36  Probe  
  110  7:37  Probe  
  110  7:39  Zealot  
  113  7:48  Zealot  
  113  7:49  Zealot x2  
  113  7:50  Probe  
  98  7:52  Probe  
  98  7:54  Probe  
  98  7:56  Immortal (Chrono Boost)  
  90  7:59  Zealot  
  90  8:03  Dark Templar  
  90  8:04  Dark Templar, Probe  
  89  8:07  Probe  
  89  8:11  Zealot x2  
  84  8:13  Probe  
  84  8:16  Dark Templar  
  84  8:18  Pylon  
  83  8:21  Zealot  
  76  8:33  Stalker  
  76  8:34  Stalker  
  72  8:35  Probe  
  72  8:37  Zealot x3  
  81  8:46  Dark Templar  
  81  8:54  Zealot x2  
  77  9:00  Zealot  
  77  9:01  Zealot x2  
Show
View Real Time Build Order
Export as new Build Order

LiquidClem Terran - Winner!

Build Orders: Reaper Expand 

Get SALT Encoding   

  12  0:00  SCV  
  13  0:12  SCV  
  14  0:18  Supply Depot  
  14  0:24  SCV  
  15  0:39  SCV  
  15  0:40  Barracks  
  16  0:45  Refinery  
  16  0:51  SCV  
  17  1:04  SCV  
  18  1:16  SCV  
  19  1:28  Orbital Command, Reaper  
  20  1:51  Command Center  
  20  1:54  SCV  
  20  2:00  Marine  
  22  2:02  Supply Depot  
  22  2:06  SCV  
  23  2:16  Factory  
  23  2:22  Barracks Reactor  
  23  2:23  SCV  
  23  2:26  Bunker  
  24  2:35  SCV  
  25  2:38  Refinery  
  25  2:47  SCV  
  26  2:59  SCV  
  26  3:00  Starport, Hellion  
  26  3:05  Orbital Command  
  29  3:09  Marine  
  29  3:10  Marine  
  31  3:14  SCV  
  32  3:25  Factory Tech Lab  
  32  3:27  SCV  
  32  3:28  Marine  
  32  3:29  Marine  
  32  3:31  SCV  
  36  3:39  SCV  
  37  3:43  SCV  
  37  3:48  Supply Depot, Marine x2  
  39  3:49  Raven  
  39  3:50  Factory Tech Lab  
  39  3:51  SCV  
  43  3:56  Barracks  
  43  3:57  SCV  
  44  4:03  SCV  
  44  4:04  Barracks  
  44  4:09  SCV  
  46  4:14  Siege Tank  
  46  4:15  SCV  
  49  4:18  Marine x2  
  49  4:22  Supply Depot  
  49  4:23  SCV  
  52  4:27  SCV  
  52  4:30  Refinery  
  53  4:31  Engineering Bay  
  53  4:35  SCV  
  54  4:43  SCV, Marine x2  
  57  4:49  Stimpack  
  57  4:50  SCV, Marauder  
  60  4:54  Marine  
  60  4:58  Supply Depot  
  60  4:59  SCV  
  62  5:03  Supply Depot  
  62  5:07  Siege Tank, Marine x2  
  62  5:08  Viking  
  62  5:12  SCV  
  70  5:19  Marauder, SCV  
  70  5:20  Terran Infantry Weapons Level 1  
  73  5:22  Supply Depot, Marine  
  73  5:24  SCV  
  73  5:26  Supply Depot  
  75  5:29  Marine x2  
  75  5:34  SCV  
  76  5:36  SCV  
  76  5:38  Refinery  
  76  5:41  Barracks Tech Lab, Marauder  
  79  5:43  Barracks Tech Lab  
  79  5:46  SCV  
  80  5:51  Supply Depot  
  80  5:52  Starport Reactor  
  80  5:54  Siege Tank  
  83  5:57  Marine  
  83  5:58  Marine  
  83  6:02  Combat Shield, Supply Depot  
  84  6:04  Marauder  
  84  6:08  Marauder  
  87  6:14  Supply Depot  
  87  6:15  Marine  
  87  6:16  Marine  
  89  6:27  Command Center  
  89  6:30  Siege Tank  
  89  6:32  Marauder  
  93  6:35  Marauder  
  93  6:37  Supply Depot  
  95  6:40  Medivac  
  95  6:42  Medivac  
  95  6:45  Concussive Shells  
  95  6:47  Marine x2  
  99  6:51  Supply Depot  
  99  6:54  Marauder  
  103  6:56  SCV x2  
  103  6:57  Marauder  
  107  7:05  Siege Tank  
  107  7:07  Marine  
  109  7:08  SCV  
  109  7:09  SCV  
  109  7:10  Marine  
  112  7:19  Marauder  
  112  7:20  Marauder  
  116  7:24  Barracks x2  
  116  7:28  Marine  
  107  7:40  Marauder  
  107  7:42  Marauder  
  99  7:48  SCV  
  99  7:50  Marine  
  85  7:54  Marine  
  85  7:58  SCV  
  78  8:02  Marauder  
  78  8:03  Marauder  
  80  8:09  Marine  
  80  8:11  SCV  
  75  8:14  Medivac  
  75  8:19  Barracks Tech Lab, Barracks Reactor  
  77  8:23  Marauder, Marine  
  77  8:25  SCV  
  79  8:29  Marine  
  80  8:37  Orbital Command  
  80  8:40  Marauder  
  78  8:46  Marine  
  78  8:48  Marauder  
  79  8:50  Marine  
  76  8:56  SCV x2  
  76  8:57  Marine  
  78  9:05  SCV  

Tags
 
Add a new tag
Caveats
  • Supply blocks, unpowered buildings, or Contaminate may cause inaccurate times.
  • Supply counts are checked every 10 seconds.